 Dungeon Crawl Stone Soup version 0.26.1-11-gd32895ea62 (webtiles) character file.

Game seed: 14214465369876019397

302 ruildragonbane the Chopper (level 6, 0/56 HPs)
             Began as a Minotaur Berserker on May 23, 2021.
             Was a Believer of Trog.
             Slain by a gnoll shaman
             ... wielding a +0 club
              (3 damage)
             ... on level 4 of the Dungeon on July 24, 2021.
             The game lasted 00:10:25 (2031 turns).

ruildragonbane the Chopper (Minotaur Berserker)     Turns: 2031, Time: 00:10:26

Health: 0/56       AC:  2    Str: 23    XL:     6   Next: 14%
Magic:  5/5        EV: 13    Int:  4    God:    Trog [**....]
Gold:   93         SH:  0    Dex: 10    Spells: 5/5 levels left

rFire    . . .     SeeInvis .   a - +0 hand axe
rCold    . . .     Faith    .   (no shield)
rNeg     . . .     Spirit   .   b - +0 animal skin
rPois    .         Reflect  .   (helmet restricted)
rElec    .         Harm     .   (no cloak)
rCorr    .         Rampage  .   (no gloves)
Will     +++..                  (no boots)
Stlth    +.........             (no amulet)
HPRegen  1.18/turn              o - ring of willpower
MPRegen  0.09/turn              (no ring)

@: lethally poisoned (0 -> -15), regenerating
A: retaliatory headbutt, horns 2
a: Renounce Religion, Berserk, Trog's Hand


You were on level 4 of the Dungeon.
You worshipped Trog.
Trog was pleased with you.
You visited 1 branch of the dungeon, and saw 4 of its levels.

You collected 93 gold pieces.

Inventory:

Hand Weapons
 a - a +0 hand axe (weapon)
 l - a +0 scythe of venom
Armour
 b - a +0 animal skin (worn)
 n - a +0 ring mail
Jewellery
 o - a ring of willpower (left hand)
Wands
 k - a wand of random effects (24)
Scrolls
 d - 3 scrolls of teleportation {unknown}
 e - 3 scrolls of identify {unknown}
 m - 4 scrolls of remove curse {unknown}
Potions
 c - 2 potions of cancellation {unknown}
 f - a potion of degeneration {unknown}
 g - a potion of heal wounds {unknown}
 h - a potion of resistance {unknown}
 i - 2 potions of curing {unknown}
 j - 4 potions of attraction {unknown}
 p - a potion of haste {unknown}
 q - a potion of brilliance {unknown}


   Skills:
 + Level 5.1 Fighting
 + Level 6.4 Axes
 + Level 3.4 Armour
 + Level 3.1 Dodging
 + Level 0.5 Stealth


You had 5 spell levels left.
You didn't know any spells.
Your spell library was empty.

Dungeon Overview and Level Annotations

Branches:
Dungeon (4/15)
 Temple: D:4-7

Altars:


Innate Abilities, Weirdness & Mutations

You reflexively headbutt those who attack you in melee.
You have a pair of horns on your head.


Message History

The gnoll hits you from afar with a +1 spear of venom.
* * * LOW HITPOINT WARNING * * *
You are more poisoned.
The gnoll shaman hits you with a +0 club.
* * * LOW HITPOINT WARNING * * *
The gnoll hits you from afar with a +1 spear of venom.
* * * LOW HITPOINT WARNING * * *
You are more poisoned.
The shadow imp hits you.
* * * LOW HITPOINT WARNING * * *
You hit the gnoll shaman but do no damage.
The gnoll shaman is heavily wounded.
You hit the shadow imp but do no damage.
* * * LOW HITPOINT WARNING * * *
You feel sick.
The gnoll hits you from afar with a +1 spear of venom.
* * * LOW HITPOINT WARNING * * *
You are more poisoned.
The gnoll shaman hits you with a +0 club.
You die...

#.# #####
#.# .gO.
#.# ###gg
###.###.#g#
.......#@#
#.###.#5###
#.........#
#<..#.#.#.#
#.#...#.#.#
#.#...#.# #
#.....#.#
#.....#.#
.....#.#.#


You could see an ogre, a gnoll shaman, 3 gnolls and a shadow imp.

Vanquished Creatures
  Sigmund (D:2)
  An orc wizard (D:3)
  3 adders
  A gnoll (D:4)
  A shadow imp (D:2)
  2 oozes
  2 worms (D:3)
  A dart slug (D:2)
  2 leopard geckos
  3 orcs (D:3)
  11 bats
  3 giant cockroaches
  6 goblins
  4 hobgoblins
  3 kobolds
  2 quokkas
  A frilled lizard (D:3)
  8 rats
55 creatures vanquished.

Notes
Turn   | Place    | Note
-------+----------+-------------------------------------------
     0 | D:1      | ruildragonbane the Minotaur Berserker began the quest for
                  | the Orb.
     0 | D:1      | Reached XP level 1. HP: 19/19 MP: 0/0
   202 | D:1      | Reached XP level 2. HP: 16/27 MP: 1/1
   203 | D:1      | Reached skill level 4 in Axes
   555 | D:2      | Reached XP level 3. HP: 31/33 MP: 2/2
   614 | D:2      | Reached ** piety under Trog
   811 | D:2      | Noticed Sigmund
   827 | D:2      | Killed Sigmund
   828 | D:2      | Reached skill level 5 in Fighting
   828 | D:2      | Reached skill level 6 in Axes
   828 | D:2      | Reached XP level 4. HP: 13/42 MP: 3/3
   828 | D:2      | Reached XP level 5. HP: 15/48 MP: 4/4
  1720 | D:3      | Reached XP level 6. HP: 37/56 MP: 5/5
  2031 | D:4      | Slain by a gnoll shaman

Illustrated notes

Levels and vault maps discovered:
D:1:      onia_arrival_handbag, layout_loops_cross, st_stairs_8,
          grunt_decor_mini_mirrors
D:2:      layout_loops_ring, minmay_split_cup_large, uniq_sigmund
D:3:      layout_basic
D:4:      layout_basic, serial_shops,
          nicolae_shop_temple_entry_statues_fountains,
          nicolae_dithmenos_shadow_blocks

Skill      XL: |  1  2  3 |
---------------+----------+-----
Axes           | 4 6 |  6.4
Fighting       | 4 5 |  5.1
Armour         | 3 |  3.4
Dodging        | 3 |  3.1
Stealth        | |  0.5

Action                   |  1- 3 |  4- 6 || total
-------------------------+-------+-------++-------
Melee: Hand axe          |    71 |    67 ||   138
       Headbutt          |     5 |    12 ||    17
Invok: Berserk           |     1 |       ||     1
       Trog's Hand       |       |     1 ||     1
Armor: Animal skin       |    13 |    14 ||    27
Dodge: Dodged            |    48 |    49 ||    97
